AoeStats
← Swareee

Arabia

510410134Analyzed
1v1 RM · 2d ago on Sep 30, 2026· 33m 54s· 2 players
Game mode
Random Map
Map size
Tiny (2 player)
Population
200
Speed
Normal
Resources
Standard
Victory
Conquest
Starting age
Dark Age
Ending age
Imperial Age
RankedLock teamsTeams togetherTeam positionsShared explorationLock speedFull tech treeHidden civsTurbo modeCheats
Victory
Defeat
🇨🇳 Saracens · China
1852
+15
🇷🇴 Tatars · Romania
1822
-15
ImperPok
6:12 Loom
8:52 Feudal Age
9:00 Man-at-Arms
9:43 Double-Bit Axe
20:09 Castle Age
18:12 Padded Archer Armor
18:19 Gold Mining
18:29 Horse Collar
19:31 Fletching
20:11 Crossbowman
20:46 Bodkin Arrow
21:01 Bodkin Arrow
22:22 Ballistics
28:14 Elite Skirmisher
29:54 Leather Archer Armor
Swareee
5:56 Loom
8:56 Feudal Age
11:37 Double-Bit Axe
14:16 Fletching
17:48 Wheelbarrow
20:31 Castle Age
18:54 Gold Mining
20:30 Padded Archer Armor
20:43 Crossbowman
21:19 Bodkin Arrow
22:12 Bow Saw
24:00 Ballistics
26:24 Horse Collar
30:02 Town Watch
33:50 Imperial Age
32:29 Stone Mining
Connection lost

Rejoining the realm…

Still unreachable

The connection could not be restored.

Session expired

The server has moved on; the page needs a fresh start.